 Dungeon Crawl Stone Soup version 0.18-a0-1805-g8ab820f (webtiles) character file.

534 M4edhros the Poker (level 7, -3/52 HPs)
             Began as a Mummy Chaos Knight on Apr 26, 2016.
             Slain by an eldritch tentacle (33 damage)
             ... called by the severe capriciousness of Xom
             ... in the Ecumenical Temple.
             The game lasted 00:39:09 (229269 turns).

M4edhros the Poker (Mummy Chaos Knight)           Turns: 229269, Time: 00:39:10

Health: -3/52      AC:  9    Str: 14 (15) XL:     7   Next: 4%
Magic:  8/8        EV:  6    Int:  9 (12) God:    Xom [....*.]
Gold:   9768       SH:  0    Dex: 17 (18) Spells: 2 memorised, 1 level left

rFire  x . .     SeeInvis .     O - +4 halberd of Joyful Slaughter {chaos, +Blink rElec Dex+3}
rCold  + . .     Gourm    .     B - +1 troll leather armour (curse)
rNeg   + + +     Faith    .     (shield currently unavailable)
rPois  ∞         Spirit   .     r - +1 hat (curse)
rElec  +         Dismiss  .     q - +1 cloak {+Inv}
rCorr  .         Reflect  .     C - +0 pair of gloves
SustAt +         Harm     .     (no boots)
MR     .....                    R - amulet of No Interval {*Contam rPois Regen+ Dex+2}
Stlth  ..........               U - ring of loudness (curse)
                                g - ring of sustain attributes

@: not resistant to hostile enchantments, extremely unstealthy
A: no food or potions, fire vulnerability, cold resistance 1, negative energy
resistance 3, torment resistance, unbreathing
a: Renounce Religion, Evoke Blink, Evoke Invisibility


You were in the Ecumenical Temple.
You worshipped Xom.
You were a beloved toy of Xom.
You were not hungry.

You visited 2 branches of the dungeon, and saw 5 of its levels.
You visited the Abyss 2 times.

You collected 9768 gold pieces.

Inventory:

Hand Weapons
 m - a +3 blowgun
 y - a +6 glaive of chaos
 J - a +2 glaive of venom
 O - the +4 halberd of Joyful Slaughter (weapon) {chaos, +Blink rElec Dex+3}
   (Xom gifted it to you in the Ecumenical Temple)

   Each time it hits an enemy it has a different, random effect.
   It affects your dexterity (+3).
   It insulates you from electricity.
   It lets you blink.
 V - the +2 hand crossbow of Aczent {chaos, rPois Str+5}
   (Xom gifted it to you in the Ecumenical Temple)

   Each time it fires, it turns the launched projectile into a different, random
   type of bolt.
   It affects your strength (+5).
   It protects you from poison.
Missiles
 e - 2 steel tomahawks (quivered)
 h - 7 tomahawks of returning
 n - 3 throwing nets
 s - 64 arrows
 x - 11 needles of confusion
 I - 9 poisoned javelins
 Q - 7 curare-tipped needles
 S - 4 javelins of penetration
 W - 10 bolts
Armour
 q - a +1 cloak of invisibility (worn)
 r - a cursed +1 hat (worn)
 B - a cursed +1 troll leather armour (worn)
 C - a +0 pair of gloves (worn)
 M - the +5 chain mail of the Trilobite {-Tele MP+9 Str+5 Dex+3}
   (Xom gifted it to you in the Ecumenical Temple)

   It affects your strength (+5).
   It affects your dexterity (+3).
   It affects your magic capacity (+9).
   It prevents most forms of teleportation.
Rods
 p - a +5 lightning rod (11/11)
   (Xom gifted it to you in the Ecumenical Temple)
 H - a +4 rod of shadows (13/13)
   (Xom gifted it to you in the Ecumenical Temple)
 P - a +0 rod of clouds (12/12)
   (Xom gifted it to you in the Ecumenical Temple)
Jewellery
 c - a +2 ring of strength
 g - a ring of sustain attributes (left hand)
 i - a +2 amulet of reflection
 R - the amulet of No Interval (around neck) {*Contam rPois Regen+ Dex+2}
   (Xom gifted it to you in the Ecumenical Temple)

   [amulet of regeneration]

   It affects your dexterity (+2).
   It protects you from poison.
   It causes magical contamination when unequipped.
   It increases your rate of regeneration.
 U - a cursed ring of loudness (right hand)
Wands
 a - a wand of polymorph (11/24)
 d - a wand of lightning (9/15)
 f - a wand of digging (15/24)
 l - a wand of random effects (25/48)
 t - a wand of hasting (1/9)
 u - a wand of random effects (27/48)
 z - a wand of iceblast (7/15)
 A - a wand of heal wounds (1/9)
 E - a wand of acid (8/15)
 F - a wand of flame (15/48)
 K - a wand of acid (8/15)
Scrolls
 b - a scroll of fog
Miscellaneous
 j - a phial of floods
 k - a box of beasts
 v - a lamp of fire
 D - a phantom mirror


   Skills:
 - Level 3.0 Fighting
 + Level 6.4 Polearms
 - Level 1.5 Armour
 - Level 0.7 Dodging
 + Level 0.3 Spellcasting
 + Level 1.5 Evocations


You had one spell level left.
You knew the following spells:

 Your Spells              Type           Power        Failure   Level  Hunger
a - Repel Missiles        Chrm/Air       #.....       77%         2    N/A
b - Dazzling Spray        Conj/Hex       #.......     97%         3    N/A

Dungeon Overview and Level Annotations

Branches:
Dungeon (4/15)             Temple (1/1) D:4

Altars:
Ashenzari
Dithmenos
Elyvilon
Fedhas
Kikubaaqudgha
Makhleb
Nemelex Xobeh
Okawaru
Qazlal
Ru
Xom
Zin
The Shining One

Annotations:
D:3 epen's ghost, amateur DEAE


Innate Abilities, Weirdness & Mutations

You do not eat or drink.
Your flesh is vulnerable to fire.
You are immune to poison.
Your flesh is cold resistant.
You are immune to negative energy.
You are immune to unholy pain and torment.
You can survive without breathing.


Message History

You kill the worker ant!
You have reached level 7!
There is a staircase to the Ecumenical Temple here.
You start waiting.
Done waiting.
You start waiting.
You hear Xom's maniacal laughter.
Your skin tingles.
You start waiting.
Xom notices you. You resist. Electricity courses through your body.
You are now a beloved toy of Xom.
You climb downwards.
Welcome to the Ecumenical Temple!
There is a staircase back to the Dungeon here.
HP restored.
The eldritch tentacle slaps you. The eldritch tentacle freezes you!!
You resist. The eldritch tentacle claws you!!
Ouch! That really hurt!
You die...
Xom roars with laughter!

#####.........#####.........#####
####...._.___.#####..........####
####......___..###.____......####
####..._.._____###..___......####
######....______#_.____....######
########..______#._____..########
##########_____._._.___##########
############.__.____.############
##############_[@).##############
############___w..___############
##########__../.._.____##########
########..___/__#_.____..########
######....__*___#._..__....######
####......___..###___._......####
####......_____###___._......####
####..........#####..........####
#####.........#####.........#####


You could see an eldritch tentacle.

Vanquished Creatures
  A golden eye (Abyss:2)
  2 hounds (D:4)
  A worker ant (D:4)
  Robin (D:2)
  A gnoll (D:4)
  4 adders
  An ooze (D:2)
  2 adder skeletons (D:4)
  An adder zombie (D:3)
  A worm (D:2)
  A dart slug (D:1)
  4 giant geckos (D:1)
  An orc (D:4)
  2 giant cockroaches
  10 goblins
  8 hobgoblins
  3 jackals (D:2)
  A bat (shapeshifter) (D:4)
  7 bats
  9 giant newts (D:1)
  3 kobolds
  8 rats
72 creatures vanquished.

Vanquished Creatures (collateral kills)
  Menkaure (D:4)
  Edmund (D:4)
  An orc wizard (D:4)
  2 gnolls (D:4)
  An adder (D:4)
  An ooze (D:4)
  2 orcs (D:4)
  A giant cockroach (D:4)
  A giant newt (D:4)
11 creatures vanquished.

Vanquished Creatures (others)
  Pikel (D:4)
  An orc priest (D:4)
  2 hounds (D:4)
  An adder (D:4)
  A dart slug (D:4)
  4 orcs (D:4)
  A giant cockroach (D:4)
  A giant newt (D:4)
  3 eldritch tentacle segments (Temple)
15 creatures vanquished.

Grand Total: 98 creatures vanquished

Notes
Turn   | Place    | Note
--------------------------------------------------------------
     0 | D:1      | M4edhros the Mummy Chaos Knight began the quest for the Orb.
     0 | D:1      | Reached XP level 1. HP: 18/18 MP: 1/1
    38 | D:1      | XOM: harmless Trmt miscast
   165 | D:1      | Reached XP level 2. HP: 23/24 MP: 2/2
   180 | D:1      | Reached skill level 3 in Polearms
   394 | D:1      | XOM: harmless Pois miscast
   437 | D:1      | XOM: noise
   644 | D:1      | Reached XP level 3. HP: 29/29 MP: 3/3
   726 | D:1      | XOM is BORED!
   726 | D:1      | XOM: noise
   771 | D:1      | XOM: noise
  1102 | D:2      | Noticed Robin
  1110 | D:2      | Reached skill level 4 in Polearms
  1110 | D:2      | Reached XP level 4. HP: 19/35 MP: 4/4
  1260 | D:1      | XOM: scenery: create altars
  1372 | D:2      | Killed Robin
  1523 | D:2      | Found a sacrificial altar of Ru.
  1591 | D:2      | XOM: silly message
  1769 | D:3      | Noticed epen's ghost (amateur DEAE)
  1896 | D:4      | XOM: swap monsters
  1901 | D:4      | XOM: summons 2 hostile demons
  1901 | D:4      | Reached XP level 5. HP: 41/41 MP: 5/5
  1902 | D:4      | Noticed a slave
  1903 | D:4      | Noticed Pikel
  1905 | D:4      | Noticed a slave
  1910 | D:4      | Noticed a slave
  1921 | D:4      | XOM: summons friendly quasit
  1922 | D:4      | Killed Pikel
  1922 | D:4      | XOM: divine lightning (protected)
  1932 | D:4      | Noticed Edmund
  1936 | D:4      | Noticed a freed slave
  1938 | D:4      | XOM: summons friendly white imp
  1946 | D:4      | Killed Edmund
  1946 | D:4      | Reached skill level 5 in Polearms
  2047 | D:4      | Noticed Menkaure
  2047 | D:4      | XOM: polymorph white imp -> crimson imp
  2051 | D:4      | Killed Menkaure
  2051 | D:4      | Reached XP level 6. HP: 26/47 MP: 6/6
  2130 | D:4      | XOM: 3-stop teleportation journey
  2360 | D:4      | XOM: cast spell 'Discord'
  2375 | D:4      | Reached skill level 6 in Polearms
  2410 | D:4      | XOM: swap monsters
  2489 | D:4      | a freed slave changed into a black bear
  2489 | D:4      | XOM: polymorph freed slave -> black bear
  2500 | D:4      | Found a staircase to the Ecumenical Temple.
  2589 | Temple   | Entered the Ecumenical Temple
  2685 | Temple   | XOM: scenery: create altars
  2815 | Temple   | XOM: god gift: runed blowgun {god gift}
  2818 | Temple   | XOM: vitrification
  3129 | Temple   | XOM: god gift: glowing arbalest {god gift}
  3262 | Temple   | XOM: 8-stop teleportation journey
  3400 | Temple   | XOM: god gift: gnarled jewelled rod {god gift}
  4699 | Temple   | XOM: god gift: runed cloak {god gift}
  4734 | Temple   | XOM: cast spell 'Summon Butterflies'
  4965 | Temple   | XOM: god gift: leather armour {god gift}
  5002 | Temple   | XOM: god gift: embroidered hat {god gift}
  5606 | Temple   | XOM: 4-stop teleportation journey
  6103 | Temple   | XOM: 2-stop teleportation journey
  6298 | Temple   | XOM: 3-stop teleportation journey
  6390 | Temple   | XOM is BORED!
  6597 | Temple   | XOM: 4-stop teleportation journey
  7028 | Temple   | XOM: god gift: 27 arrows
  7095 | Temple   | XOM: colour smoke trail
  7840 | Temple   | XOM: harmless Fire miscast
  8244 | Temple   | XOM: harmless Fire miscast
  8267 | Temple   | XOM: harmless Conj miscast
  8525 | Temple   | XOM: 2-stop teleportation journey
  9142 | Temple   | XOM: mild Chrm miscast
  9247 | Temple   | XOM: mild Conj miscast
  9506 | Temple   | XOM: harmless Conj miscast
 10107 | Temple   | XOM: 1-stop teleportation journey
 10112 | Temple   | XOM: medium Chrm miscast
 10779 | Temple   | XOM: scenery: create altars
 11158 | Temple   | XOM: scenery: create altars
 11196 | Temple   | XOM: divination: magic mapping
 11377 | Temple   | XOM: divination: detect items
 11473 | Temple   | XOM: god gift: scroll of enchant weapon
 12069 | Temple   | XOM: god gift: bubbling inky potion
 12111 | Temple   | XOM: god gift: forked copper wand {god gift}
 12489 | Temple   | XOM: 1-stop teleportation journey
 12629 | Temple   | XOM: god gift: 880 gold pieces
 12748 | Temple   | XOM: summons 3 hostile demons
 13016 | Temple   | XOM: noise
 13251 | Temple   | XOM: 3-stop teleportation journey
 13593 | Temple   | XOM is BORED!
 13593 | Temple   | XOM: noise
 13609 | Temple   | XOM: mild Necr miscast
 14197 | Temple   | XOM: harmless Chrm miscast
 14304 | Temple   | XOM: silly message
 14372 | Temple   | XOM: harmless Conj miscast
 14751 | Temple   | XOM: mild Air miscast
 15006 | Temple   | XOM is BORED!
 15006 | Temple   | XOM: stat loss: -3 Str (14/15)
 15206 | Temple   | XOM: 1-stop teleportation journey
 15288 | Temple   | XOM: scenery: create altars
 15720 | Temple   | XOM: silly message
 15856 | Temple   | XOM: noise
 16273 | Temple   | XOM: harmless Pois miscast
 16330 | Temple   | XOM is BORED!
 16330 | Temple   | XOM: medium Hex miscast
 16510 | Temple   | XOM: scenery: create altars
 16611 | Temple   | XOM: colour smoke trail
 17552 | Temple   | XOM: god gift: 47 gold pieces
 17814 | Temple   | XOM: medium Air miscast
 17862 | Temple   | XOM is BORED!
 17862 | Temple   | XOM: medium Tloc miscast
 19078 | Temple   | XOM: scenery: create altars
 19448 | Temple   | XOM is BORED!
 20307 | Temple   | XOM: 3-stop teleportation journey
 20657 | Temple   | XOM: scenery: create altars
 21229 | Temple   | XOM: god gift: bronze wand {god gift}
 21289 | Temple   | XOM: scenery: create altars
 21538 | Temple   | XOM: god gift: smoky emerald potion
 21696 | Temple   | XOM: 1-stop teleportation journey
 21813 | Temple   | XOM: god gift: lamp of fire
 21990 | Temple   | XOM: scenery: create altars
 22260 | Temple   | XOM: 1-stop teleportation journey
 22268 | Temple   | XOM: mild Hex miscast
 22397 | Temple   | XOM is BORED!
 22397 | Temple   | XOM: stat loss: -2 Str (13/15)
 23242 | Temple   | XOM: stat loss: -1 Str (13/15)
 24005 | Temple   | XOM: medium Tloc miscast
 24132 | Temple   | XOM: severe Conj miscast
 24192 | Temple   | XOM: silly message
 24360 | Temple   | XOM: medium Ice miscast
 24628 | Temple   | XOM: harmless Divn miscast
 24990 | Temple   | XOM: mild Trmt miscast
 25022 | Temple   | XOM: harmless Pois miscast
 25125 | Temple   | XOM: stat loss: -1 Dex (13/13)
 25989 | Temple   | XOM: severe Hex miscast
 26064 | Temple   | XOM: 3-stop teleportation journey
 26732 | Temple   | XOM: medium Fire miscast
 26877 | Temple   | XOM: mild Summ miscast
 26914 | D:4      | XOM is BORED!
 26914 | D:4      | XOM: summons 3 hostile shadow creatures
 27370 | Temple   | XOM: harmless Erth miscast
 27848 | Temple   | XOM: 2-stop teleportation journey
 27965 | Temple   | XOM: medium Divn miscast
 28367 | Temple   | XOM: mild Conj miscast
 28418 | Temple   | XOM: harmless Ice miscast
 28715 | Temple   | XOM: medium Erth miscast
 29163 | Temple   | XOM: harmless Fire miscast
 29508 | Temple   | XOM: summons 3 hostile demons
 29509 | Temple   | Noticed an orange demon
 29509 | Temple   | Noticed a sixfirhy
 29927 | Temple   | XOM: summons 3 hostile demons
 29928 | Temple   | Noticed a sixfirhy
 30439 | Temple   | XOM: summons 2 hostile demons
 30547 | D:4      | XOM is BORED!
 30620 | D:4      | XOM: mild Chrm miscast
 30669 | Temple   | XOM: mild Fire miscast
 30990 | Temple   | XOM: 3-stop teleportation journey
 31171 | Temple   | XOM: harmless Ice miscast
 31357 | Temple   | XOM: mild Necr miscast
 31550 | Temple   | XOM: harmless Air miscast
 31613 | Temple   | XOM: stat loss: -1 Int (11/12)
 31639 | Temple   | XOM: divination: detect items
 31659 | Temple   | XOM: colour smoke trail
 32756 | Temple   | XOM: harmless Chrm miscast
 33087 | Temple   | XOM: divination: magic mapping
 33766 | Temple   | XOM: medium Fire miscast
 34490 | Temple   | XOM: 2-stop teleportation journey
 35747 | Temple   | XOM: 4-stop teleportation journey
 35835 | Temple   | XOM: divination: detect items
 35941 | Temple   | XOM is BORED!
 36101 | Temple   | XOM: god gift: buckler {god gift}
 36496 | Temple   | XOM: god gift: 5 needles of confusion
 36903 | Temple   | XOM: cast spell 'Summon Butterflies'
 37076 | Temple   | XOM: divination: detect items
 37276 | Temple   | XOM: divination: magic mapping
 37306 | Temple   | XOM: harmless Chrm miscast
 37743 | Temple   | XOM is BORED!
 37743 | Temple   | XOM: harmless Chrm miscast
 37844 | Temple   | XOM: divination: detect creatures
 37946 | Temple   | XOM: harmless Trmt miscast
 39004 | Temple   | XOM is BORED!
 39004 | Temple   | XOM: noise
 39237 | Temple   | XOM: noise
 39306 | Temple   | XOM: colour smoke trail
 39497 | Temple   | XOM: harmless Erth miscast
 39889 | Temple   | XOM is BORED!
 39889 | Temple   | XOM: mild Pois miscast
 40221 | Temple   | XOM: colour smoke trail
 40239 | Temple   | XOM: medium Trmt miscast
 40810 | Temple   | XOM: medium Conj miscast
 41470 | Temple   | XOM: medium Necr miscast
 41848 | Temple   | XOM: 4-stop teleportation journey
 41965 | Temple   | XOM: cast spell 'Summon Butterflies'
 42252 | Temple   | XOM: mild Chrm miscast
 42313 | Temple   | XOM: stat loss: -1 Dex (13/13)
 42857 | Temple   | XOM: harmless Divn miscast
 42923 | Temple   | XOM: medium Divn miscast
 43032 | Temple   | XOM is BORED!
 43032 | Temple   | XOM: mild Pois miscast
 43076 | Temple   | XOM: harmless Divn miscast
 43673 | Temple   | XOM: silly message
 43874 | Temple   | XOM: summons 3 hostile demons
 44175 | Temple   | XOM: harmless Necr miscast
 45163 | Temple   | XOM: 3-stop teleportation journey
 45175 | Temple   | XOM: medium Erth miscast
 45632 | Temple   | XOM is BORED!
 45632 | Temple   | XOM: noise
 46888 | Temple   | XOM: medium Ice miscast
 46949 | Temple   | XOM is BORED!
 47201 | Temple   | XOM: 4-stop teleportation journey
 47460 | Temple   | XOM: silly message
 47752 | Temple   | XOM: 1-stop teleportation journey
 48188 | Temple   | XOM: god gift: glowing glaive {god gift}
 48920 | Temple   | XOM: god gift: tapered lead wand {god gift}
 49075 | Temple   | XOM: scenery: create altars
 49760 | Temple   | XOM: god gift: 2530 gold pieces
 49819 | Temple   | XOM: divination: detect items
 50124 | Temple   | XOM: 2-stop teleportation journey
 50687 | Temple   | XOM: 1-stop teleportation journey
 51282 | Temple   | XOM is BORED!
 51282 | Temple   | XOM: medium Tloc miscast
 51631 | Temple   | XOM: 4-stop teleportation journey
 51958 | Temple   | XOM: god gift: glass wand {god gift}
 52156 | Temple   | XOM: harmless Hex miscast
 52276 | Temple   | XOM is BORED!
 52276 | Temple   | XOM: medium Trmt miscast
 52449 | Temple   | XOM: 1-stop teleportation journey
 52727 | Temple   | XOM: cast spell 'Summon Butterflies'
 52901 | Temple   | XOM: scenery: create altars
 53455 | Temple   | XOM: god gift: troll leather armour {god gift}
 53616 | Temple   | XOM: divination: magic mapping
 54420 | Temple   | XOM: divination: detect items
 54503 | Temple   | XOM is BORED!
 54503 | Temple   | XOM: mild Summ miscast
 54504 | Temple   | Noticed a spatial vortex
 55553 | Temple   | XOM: god gift: 18 stones
 55572 | Temple   | XOM: harmless Tloc miscast
 56223 | Temple   | XOM: divination: magic mapping
 56433 | Temple   | XOM is BORED!
 56433 | Temple   | XOM: mild Pois miscast
 56891 | Temple   | XOM: harmless Chrm miscast
 56971 | Temple   | XOM is BORED!
 56971 | Temple   | XOM: harmless Summ miscast
 57402 | Temple   | XOM: harmless Tloc miscast
 57846 | Temple   | XOM: summons 3 hostile demons
 58001 | D:4      | XOM is BORED!
 58453 | Temple   | XOM: summons 3 hostile demons
 59551 | Temple   | XOM: divination: detect items
 60312 | Temple   | XOM: mild Chrm miscast
 61186 | Temple   | XOM: noise
 61277 | Temple   | XOM: divination: detect creatures
 61451 | Temple   | XOM: mild Divn miscast
 61508 | Temple   | XOM is BORED!
 61508 | Temple   | XOM: mild Trmt miscast
 63149 | Temple   | XOM: scenery: create altars
 63414 | Temple   | XOM: god gift: papyrus book {god gift}
 63884 | Temple   | XOM: god gift: 34 gold pieces
 63932 | Temple   | XOM: mild Chrm miscast
 64154 | Temple   | XOM is BORED!
 64319 | Temple   | XOM: mild Erth miscast
 64451 | Temple   | XOM: harmless Trmt miscast
 65624 | Temple   | XOM: god gift: 2 steel tomahawks
 65669 | Temple   | XOM: colour smoke trail
 66420 | Temple   | XOM: summons 3 hostile demons
 66421 | Temple   | Noticed a rust devil
 66443 | D:4      | XOM: harmless Trmt miscast
 66483 | D:4      | XOM: god gift: pair of gloves {god gift}
 66755 | Temple   | XOM: mild Air miscast
 67204 | Temple   | XOM is BORED!
 67361 | Temple   | XOM: noise
 67497 | Temple   | XOM: 1-stop teleportation journey
 68105 | Temple   | XOM: summons 2 hostile demons
 68754 | Temple   | XOM: god gift: scroll of amnesia
 69049 | Temple   | XOM is BORED!
 69253 | Temple   | XOM: colour smoke trail
 69664 | Temple   | XOM: summons 3 hostile demons
 69665 | Temple   | Noticed a sun demon
 69966 | D:4      | XOM: severe Fire miscast
 70104 | D:4      | XOM: harmless Air miscast
 70544 | Temple   | XOM: stat loss: -1 Int (11/12)
 71296 | Temple   | XOM is BORED!
 71296 | Temple   | XOM: summons 3 hostile demons
 71297 | Temple   | Noticed a neqoxec
 71450 | D:4      | XOM: god gift: 17 arrows
 71490 | D:4      | XOM: god gift: scroll labeled TITA ROTOMNUBB
 71689 | Temple   | XOM: scenery: create altars
 73066 | Temple   | XOM: god gift: 22 gold pieces
 73703 | Temple   | XOM: scenery: create altars
 74501 | Temple   | XOM: god gift: phantom mirror
 75526 | Temple   | XOM: medium Divn miscast
 75570 | Temple   | XOM: scenery: create altars
 75764 | Temple   | XOM: god gift: crooked silver wand {god gift}
 76024 | Temple   | XOM: stat loss: -1 Str (13/15)
 76341 | Temple   | XOM: harmless Air miscast
 76491 | Temple   | XOM: colour smoke trail
 76983 | Temple   | XOM: colour smoke trail
 77231 | Temple   | XOM: divination: detect creatures
 77280 | Temple   | XOM: harmless Trmt miscast
 77523 | Temple   | XOM: 1-stop teleportation journey
 77901 | Temple   | XOM is BORED!
 77901 | Temple   | XOM: severe Chrm miscast
 78303 | Temple   | XOM: summons 3 hostile demons
 78818 | Temple   | XOM: mild Air miscast
 79207 | Temple   | XOM: medium Chrm miscast
 79295 | Temple   | XOM: harmless Hex miscast
 79631 | Temple   | XOM: harmless Necr miscast
 79677 | Temple   | XOM: severe Hex miscast
 79812 | Temple   | XOM: 1-stop teleportation journey
 80033 | Temple   | XOM: god gift: 19 gold pieces
 80130 | Temple   | XOM: colour smoke trail
 80389 | Temple   | XOM: mild Erth miscast
 80452 | Temple   | XOM: harmless Ice miscast
 81427 | Temple   | XOM: scenery: create altars
 81569 | Temple   | XOM: colour smoke trail
 81879 | Temple   | XOM: cast spell 'Summon Butterflies'
 83046 | Temple   | XOM: scenery: create altars
 83135 | Temple   | XOM is BORED!
 83135 | Temple   | XOM: mild Conj miscast
 83367 | Temple   | XOM: 6-stop teleportation journey
 83421 | Temple   | XOM: god gift: scroll labeled WONTU PASS
 83890 | Temple   | XOM: colour smoke trail
 83949 | Temple   | XOM: divination: detect items
 84348 | Temple   | XOM: harmless Erth miscast
 84520 | Temple   | XOM: harmless Fire miscast
 84754 | Temple   | XOM: divination: magic mapping
 85460 | Temple   | XOM: harmless Hex miscast
 85786 | Temple   | XOM: silly message
 85885 | Temple   | XOM: harmless Erth miscast
 86661 | Temple   | XOM: god gift: scroll labeled RUNUTE MOOSH
 86749 | Temple   | XOM: god gift: wooden wand {god gift}
 86785 | Temple   | XOM: god gift: scroll of vulnerability
 87039 | Temple   | XOM: colour smoke trail
 87183 | Temple   | XOM is BORED!
 87183 | Temple   | XOM: noise
 87190 | Temple   | XOM: 1-stop teleportation journey
 87225 | Temple   | XOM: god gift: 890 gold pieces
 87271 | Temple   | XOM: harmless Pois miscast
 87795 | Temple   | XOM: harmless Hex miscast
 87924 | Temple   | XOM: mild Air miscast
 88016 | Temple   | XOM: mild Tloc miscast
 88806 | Temple   | XOM: scenery: create altars
 88914 | Temple   | XOM: 2-stop teleportation journey
 89032 | Temple   | XOM is BORED!
 89032 | Temple   | XOM: mild Conj miscast
 89034 | Temple   | XOM: harmless Chrm miscast
 89854 | Temple   | XOM: noise
 90001 | Temple   | XOM: god gift: 19 gold pieces
 90401 | Temple   | XOM: mild Chrm miscast
 90420 | Temple   | XOM: silly message
 90626 | Temple   | XOM: god gift: 30 gold pieces
 90742 | Temple   | XOM: mild Hex miscast
 90856 | Temple   | XOM: mild Conj miscast
 90895 | Temple   | XOM: medium Conj miscast
 91109 | Temple   | XOM: 5-stop teleportation journey
 91777 | Temple   | XOM: god gift: runed naga barding {god gift}
 92420 | Temple   | XOM: summons 3 hostile demons
 92440 | Temple   | XOM: 4-stop teleportation journey
 93468 | Temple   | XOM: medium Fire miscast
 93722 | Temple   | XOM: 2-stop teleportation journey
 93843 | Temple   | XOM: 3-stop teleportation journey
 93969 | Temple   | XOM: colour smoke trail
 94084 | Temple   | XOM: mild Hex miscast
 94149 | Temple   | XOM: harmless Pois miscast
 94324 | Temple   | XOM: god gift: 10 bolts
 94376 | Temple   | XOM: medium Pois miscast
 94624 | Temple   | XOM is BORED!
 94624 | Temple   | XOM: medium Erth miscast
 95313 | Temple   | XOM: 2-stop teleportation journey
 95314 | Temple   | XOM: harmless Necr miscast
 95469 | Temple   | XOM: 3-stop teleportation journey
 95537 | Temple   | XOM: severe Pois miscast
 95815 | Temple   | XOM: god gift: scroll of amnesia
 95925 | Temple   | XOM: 3-stop teleportation journey
 95989 | Temple   | XOM: scenery: create altars
 97139 | Temple   | XOM: god gift: scroll of vulnerability
 97491 | Temple   | XOM: divination: detect items
 97992 | Temple   | XOM: divination: detect creatures
 98178 | Temple   | XOM: god gift: runed dire flail {god gift}
 98265 | Temple   | XOM: 1-stop teleportation journey
 98814 | Temple   | XOM: god gift: knobbly glowing rod {god gift}
 98818 | Temple   | Identified a +4 rod of shadows (13/13) (Xom gifted it to you in the Ecumenical Temple)
 99046 | Temple   | XOM: god gift: scroll of noise
 99049 | Temple   | XOM: colour smoke trail
 99218 | Temple   | XOM: scenery: create altars
 99594 | Temple   | XOM: 2-stop teleportation journey
 99643 | Temple   | XOM is BORED!
 99643 | Temple   | XOM: mild Tloc miscast
 99652 | Temple   | XOM: mild Erth miscast
100087 | Temple   | XOM: god gift: 19 stones
100101 | Temple   | XOM: harmless Conj miscast
100458 | Temple   | XOM: god gift: scroll labeled JOGOTZ YNOUGE
101060 | Temple   | XOM: noise
101126 | Temple   | XOM: god gift: 3 poisoned javelins
102006 | Temple   | XOM: divination: detect items
102116 | Temple   | XOM: colour smoke trail
102259 | Temple   | XOM is BORED!
102259 | Temple   | XOM: noise
103059 | Temple   | XOM: god gift: 32 gold pieces
103599 | Temple   | XOM is BORED!
103599 | Temple   | XOM: mild Necr miscast
105577 | Temple   | XOM: harmless Necr miscast
105589 | Temple   | XOM: harmless Fire miscast
105789 | Temple   | XOM: divination: magic mapping
105807 | Temple   | XOM: mild Fire miscast
106083 | Temple   | XOM: harmless Conj miscast
106441 | Temple   | XOM is BORED!
106441 | Temple   | XOM: medium Trmt miscast
106459 | Temple   | XOM: divination: detect creatures
106477 | Temple   | XOM: scenery: create altars
106772 | Temple   | XOM: stat loss: -1 Dex (13/13)
107222 | Temple   | XOM: 3-stop teleportation journey
108191 | Temple   | XOM: summons 3 hostile demons
109211 | Temple   | XOM: summons 3 hostile demons
109212 | Temple   | Noticed a rust devil
109487 | Temple   | XOM: god gift: runed glaive {god gift}
109692 | Temple   | XOM: god gift: 54 gold pieces
109850 | Temple   | XOM: god gift: 58 gold pieces
110420 | Temple   | XOM: colour smoke trail
110635 | Temple   | XOM is BORED!
110635 | Temple   | XOM: medium Summ miscast
110636 | Temple   | Noticed a spatial vortex
110636 | Temple   | Noticed a spatial vortex
110636 | Temple   | Noticed a spatial vortex
111410 | Temple   | XOM: harmless Divn miscast
111729 | Temple   | XOM is BORED!
112416 | Temple   | XOM: 1-stop teleportation journey
112917 | Temple   | XOM: silly message
115221 | Temple   | XOM: summons 2 hostile demons
115293 | Temple   | XOM: mild Pois miscast
115659 | Temple   | XOM: 2-stop teleportation journey
116583 | Temple   | XOM is BORED!
116583 | Temple   | XOM: medium Fire miscast
116671 | Temple   | XOM: god gift: wand of acid {god gift}
116678 | Temple   | XOM: harmless Pois miscast
116948 | Temple   | XOM: 1-stop teleportation journey
118499 | Temple   | XOM: noise
118535 | Temple   | XOM: noise
118552 | Temple   | XOM: colour smoke trail
120049 | Temple   | XOM: god gift: 32 gold pieces
120733 | Temple   | XOM is BORED!
120733 | Temple   | XOM: medium Summ miscast
120759 | Temple   | XOM: polymorph small abomination -> necrophage
120856 | D:4      | XOM: divination: detect creatures
121517 | Temple   | XOM is BORED!
121517 | Temple   | XOM: severe Air miscast
121774 | Temple   | XOM: scenery: create altars
121796 | Temple   | XOM: cast spell 'Summon Butterflies'
121959 | Temple   | XOM: god gift: 22 gold pieces
122442 | Temple   | XOM: god gift: diamond ring {god gift}
122843 | Temple   | XOM: god gift: jewelled chain mail {god gift}
122846 | Temple   | Got a jewelled chain mail {god gift}
122857 | Temple   | Identified the +5 chain mail of the Trilobite {-Tele MP+9 Str+5 Dex+3} (Xom gifted it to you in the Ecumenical Temple)
123210 | Temple   | XOM: harmless Air miscast
124082 | Temple   | XOM: noise
124374 | Temple   | XOM: mild Tloc miscast
126046 | Temple   | XOM: severe Summ miscast
126047 | Temple   | Noticed a worldbinder
126047 | Temple   | Noticed a worldbinder
126047 | Temple   | Noticed a worldbinder
126050 | Temple   | Noticed a snapping turtle
126052 | Temple   | Noticed a merfolk
126052 | Temple   | Noticed a merfolk
126052 | Temple   | Noticed a siren
126207 | D:4      | XOM: summons 3 hostile demons
126952 | Temple   | XOM: severe Erth miscast
127402 | Temple   | XOM: harmless Trmt miscast
128077 | Temple   | XOM is BORED!
128469 | Temple   | XOM: mild Fire miscast
128956 | Temple   | XOM: harmless Pois miscast
129273 | Temple   | XOM: mild Ice miscast
129286 | Temple   | XOM: summons 3 hostile demons
129311 | Temple   | XOM: medium Summ miscast
129312 | Temple   | Noticed a spatial vortex
129312 | Temple   | Noticed a spatial vortex
129312 | Temple   | Noticed a spatial vortex
129410 | D:4      | Noticed a shadow dragon
129438 | D:4      | Noticed a quicksilver dragon
129438 | D:4      | a shadow dragon changed into a quicksilver dragon
129720 | Temple   | XOM: god gift: steaming diamond amulet {god gift}
129721 | Temple   | Got a steaming diamond amulet {god gift}
129723 | Temple   | Identified the amulet of Liberty {Gourm Int+2} (Xom gifted it to you in the Ecumenical Temple)
130061 | Temple   | XOM: divination: detect items
130131 | Temple   | XOM: mild Trmt miscast
131348 | Temple   | XOM: god gift: 6 poisoned javelins
131723 | Temple   | XOM is BORED!
132703 | Temple   | XOM: summons 1 hostile demon
134160 | Temple   | XOM: mild Chrm miscast
134659 | Temple   | XOM: summons 3 hostile demons
135105 | Temple   | XOM: silly message
135293 | Temple   | XOM: harmless Erth miscast
135731 | Temple   | XOM: divination: detect creatures
135821 | Temple   | XOM: summons 3 hostile demons
136362 | Temple   | XOM is BORED!
136505 | Temple   | XOM: mild Ice miscast
137124 | Temple   | XOM: harmless Fire miscast
137163 | Temple   | XOM: colour smoke trail
137659 | Temple   | XOM: stat loss: -1 Str (18/20)
141160 | Temple   | XOM is BORED!
141160 | Temple   | XOM: medium Summ miscast
141161 | Temple   | Noticed a spatial vortex
141161 | Temple   | Noticed a spatial vortex
141161 | Temple   | Noticed a spatial vortex
141245 | D:4      | XOM: summons 3 hostile demons
141246 | D:4      | Noticed a rust devil
141346 | Temple   | XOM: god gift: scroll of enchant weapon
141511 | Temple   | XOM: summons 3 hostile demons
142012 | Temple   | XOM: divination: magic mapping
142361 | Temple   | XOM: severe Summ miscast
142361 | Temple   | Cast into level 2 of the Abyss (the severe capriciousness of Xom)
142365 | Abyss:2  | Noticed a golden eye
142365 | Abyss:2  | Noticed a golden eye
142366 | Abyss:2  | XOM: confuse monster(s)
142370 | Abyss:2  | Noticed a golden eye
142372 | Abyss:2  | Noticed a golden eye
142372 | Abyss:2  | Killed a golden eye
142372 | Abyss:2  | Reached skill level 1 in Evocations
142374 | Temple   | Escaped the Abyss
142528 | Temple   | XOM: divination: detect items
142709 | Temple   | XOM: silly message
143074 | Temple   | XOM: harmless Conj miscast
143396 | Temple   | XOM: harmless Fire miscast
143649 | Temple   | XOM: god gift: 2 scrolls of amnesia
144219 | Temple   | XOM: god gift: helmet {god gift}
144436 | Temple   | XOM: colour smoke trail
145162 | Temple   | XOM: cast spell 'Summon Butterflies'
145219 | Temple   | XOM: stat loss: -1 Dex (16/16)
145728 | Temple   | XOM: colour smoke trail
145820 | Temple   | XOM: mild Fire miscast
145918 | Temple   | XOM: stat loss: -1 Str (19/20)
146308 | Temple   | XOM: harmless Conj miscast
146769 | Temple   | XOM: harmless Pois miscast
147178 | Temple   | XOM: god gift: smoking halberd {god gift}
147179 | Temple   | Got a smoking halberd {god gift}
147180 | Temple   | Identified the +4 halberd of Joyful Slaughter {chaos, +Blink rElec Dex+3} (Xom gifted it to you in the Ecumenical Temple)
147266 | Temple   | XOM is BORED!
147266 | Temple   | XOM: medium Fire miscast
148274 | Temple   | XOM: scenery: create altars
148426 | Temple   | XOM: divination: detect items
148528 | Temple   | XOM: cast spell 'Summon Butterflies'
148640 | Temple   | XOM: god gift: weird glowing rod {god gift}
148642 | Temple   | Identified a +0 rod of clouds (12/12) (Xom gifted it to you in the Ecumenical Temple)
149807 | Temple   | XOM: harmless Erth miscast
149964 | Temple   | XOM: mild Tloc miscast
150257 | Temple   | XOM: harmless Chrm miscast
150392 | Temple   | XOM: god gift: 6 needles of confusion
151435 | Temple   | XOM: scenery: create altars
151853 | Temple   | XOM: god gift: 5 curare-tipped needles
152279 | Temple   | XOM: scenery: create altars
152497 | Temple   | XOM: god gift: scorched emerald amulet {god gift}
152498 | Temple   | Got a scorched emerald amulet {god gift}
152500 | Temple   | Identified the amulet of No Interval {*Contam rPois Regen+ Dex+2} (Xom gifted it to you in the Ecumenical Temple)
152803 | Temple   | XOM: god gift: 4 javelins of penetration
153292 | Temple   | XOM: god gift: 1100 gold pieces
154234 | Temple   | XOM: god gift: glowing halberd {god gift}
154983 | Temple   | XOM is BORED!
154983 | Temple   | XOM: medium Tloc miscast
154983 | Temple   | Cast into level 2 of the Abyss (the capriciousness of Xom)
154983 | Abyss:2  | XOM: noise
154983 | Abyss:2  | Found a corrupted altar of Lugonu.
154983 | Temple   | Escaped the Abyss
154983 | Temple   | XOM: revert banishment
155226 | Temple   | XOM: scenery: create altars
155417 | Temple   | XOM: god gift: small opal ring {god gift}
155501 | Temple   | XOM: divination: detect items
156605 | Temple   | XOM: god gift: dazzling hand crossbow {god gift}
156606 | Temple   | Got a dazzling hand crossbow {god gift}
156607 | Temple   | Identified the +2 hand crossbow of Aczent {chaos, rPois Str+5} (Xom gifted it to you in the Ecumenical Temple)
157219 | Temple   | XOM: god gift: antique book {god gift}
157220 | Temple   | Identified Xom's Almanac of the Pure Eyes (Xom gifted it to you in the Ecumenical Temple)
157542 | Temple   | XOM: harmless Divn miscast
157788 | Temple   | XOM: god gift: runed plate armour {god gift}
157880 | Temple   | XOM: cast spell 'Summon Butterflies'
158305 | Temple   | XOM: mild Chrm miscast
158546 | Temple   | XOM: mild Erth miscast
158737 | Temple   | XOM is BORED!
158834 | Temple   | XOM: summons 3 hostile demons
159505 | Temple   | XOM: mild Hex miscast
159758 | Temple   | XOM: summons 1 hostile demon
160096 | Temple   | XOM: severe Trmt miscast
160408 | Temple   | XOM: god gift: scroll of amnesia
160529 | Temple   | XOM: silly message
160736 | Temple   | XOM: scenery: create altars
160992 | Temple   | XOM: god gift: scroll labeled OFOUZEU NAIHI
161861 | Temple   | XOM: cast spell 'Summon Butterflies'
162435 | Temple   | XOM: medium Pois miscast
163080 | Temple   | XOM: colour smoke trail
163095 | Temple   | XOM: god gift: leather armour {god gift}
163827 | Temple   | XOM: god gift: 430 gold pieces
164463 | Temple   | XOM: god gift: glowing cloak {god gift}
164525 | Temple   | XOM is BORED!
164525 | Temple   | XOM: summons 3 hostile demons
164526 | Temple   | Noticed an orange demon
164580 | D:4      | XOM: cast spell 'Summon Butterflies'
165026 | Temple   | XOM: 1-stop teleportation journey
165283 | Temple   | XOM: severe Ice miscast
165330 | Temple   | XOM: 1-stop teleportation journey
165438 | Temple   | XOM: god gift: sparkling book {god gift}
165439 | Temple   | Identified Xom's Handbook of Forced Transition (Xom gifted it to you in the Ecumenical Temple)
165444 | Temple   | Learned a level 2 spell: Repel Missiles
165448 | Temple   | Learned a level 3 spell: Dazzling Spray
165602 | Temple   | XOM: god gift: 2 curare-tipped needles
165896 | Temple   | XOM: scenery: create altars
166148 | Temple   | XOM: god gift: scroll of fog
166778 | Temple   | XOM: scenery: create altars
166857 | Temple   | XOM: god gift: 23 gold pieces
167255 | Temple   | XOM: 2-stop teleportation journey
168055 | Temple   | XOM: divination: detect creatures
168097 | Temple   | XOM: divination: magic mapping
168121 | Temple   | XOM: cast spell 'Summon Butterflies'
168267 | Temple   | XOM: god gift: 7 tomahawks of returning
168424 | Temple   | XOM: colour smoke trail
168911 | Temple   | XOM: silly message
169135 | Temple   | XOM is BORED!
169135 | Temple   | XOM: noise
169224 | Temple   | XOM: colour smoke trail
169315 | Temple   | XOM: stat loss: -1 Int (11/12)
169420 | Temple   | XOM: severe Chrm miscast
169420 | Temple   | Paralysed by the severe capriciousness of Xom for 7 turns
169594 | Temple   | XOM: 1-stop teleportation journey
169856 | Temple   | XOM is BORED!
170219 | Temple   | XOM: harmless Conj miscast
170624 | Temple   | XOM: divination: detect items
171152 | Temple   | XOM: silly message
171653 | Temple   | XOM: divination: detect creatures
171960 | Temple   | XOM: god gift: 1230 gold pieces
172477 | Temple   | XOM: scenery: create altars
172769 | Temple   | XOM is BORED!
172904 | Temple   | XOM: 3-stop teleportation journey
172948 | Temple   | XOM: 1-stop teleportation journey
173276 | Temple   | XOM: mild Summ miscast
173513 | Temple   | XOM: cast spell 'Summon Butterflies'
173527 | Temple   | XOM: scenery: create altars
173578 | Temple   | XOM is BORED!
173578 | Temple   | XOM: stat loss: -1 Dex (18/18)
174408 | Temple   | XOM: 2-stop teleportation journey
174549 | Temple   | XOM: god gift: inconspicuous book {god gift}
174550 | Temple   | Identified Ashorphu's Catalogue of Earthen Cold (Xom gifted it to you in the Ecumenical Temple)
174719 | Temple   | XOM: divination: detect creatures
176375 | Temple   | XOM is BORED!
176375 | Temple   | XOM: stat loss: -2 Dex (17/18)
176573 | Temple   | XOM: god gift: encrusted wooden wand {god gift}
178210 | Temple   | XOM: god gift: 2 throwing nets
178249 | Temple   | XOM: god gift: quarterstaff {god gift}
178803 | Temple   | XOM: divination: detect items
178893 | Temple   | XOM is BORED!
178893 | Temple   | XOM: severe Pois miscast
179001 | Temple   | XOM: colour smoke trail
179087 | Temple   | XOM: summons 3 hostile demons
179593 | Temple   | XOM: summons 3 hostile demons
179594 | Temple   | Noticed a rust devil
179594 | Temple   | Noticed a chaos spawn
179777 | Temple   | XOM: medium Erth miscast
180078 | Temple   | XOM: summons 1 hostile demon
180270 | Temple   | XOM: noise
180328 | Temple   | XOM: harmless Divn miscast
180423 | Temple   | XOM: colour smoke trail
181401 | Temple   | XOM: mild Pois miscast
182756 | Temple   | XOM: mild Chrm miscast
182768 | Temple   | XOM: god gift: jewelled iron wand {god gift}
182978 | Temple   | XOM: god gift: 20 gold pieces
184542 | Temple   | XOM: god gift: scroll of amnesia
184662 | Temple   | XOM: god gift: 2040 gold pieces
184692 | Temple   | XOM: god gift: leather armour {god gift}
184831 | Temple   | XOM: god gift: black book {god gift}
184832 | Temple   | Identified Xom's Volume of Change (Xom gifted it to you in the Ecumenical Temple)
184933 | Temple   | XOM: scenery: create altars
185464 | Temple   | XOM is BORED!
185464 | Temple   | XOM: medium Ice miscast
185637 | Temple   | XOM: summons 1 hostile demon
185979 | Temple   | XOM: medium Summ miscast
186026 | D:4      | XOM: colour smoke trail
186195 | Temple   | XOM: divination: detect items
186264 | Temple   | XOM: harmless Pois miscast
186841 | Temple   | XOM: god gift: chain mail {god gift}
186923 | Temple   | XOM: harmless Ice miscast
187010 | Temple   | XOM: 2-stop teleportation journey
187541 | Temple   | XOM: god gift: meat ration
188330 | Temple   | XOM: medium Necr miscast
188331 | Temple   | Noticed a shadow
188331 | Temple   | Noticed a shadow
188665 | Temple   | XOM: divination: detect creatures
189527 | Temple   | XOM: noise
189610 | Temple   | XOM: harmless Summ miscast
190225 | Temple   | XOM: colour smoke trail
190245 | Temple   | XOM: scenery: create altars
190623 | Temple   | XOM: god gift: leather armour {god gift}
191384 | Temple   | XOM: god gift: runed robe {god gift}
191985 | Temple   | XOM: medium Chrm miscast
192150 | Temple   | XOM is BORED!
192150 | Temple   | XOM: mild Pois miscast
192994 | Temple   | XOM is BORED!
193148 | Temple   | XOM: colour smoke trail
194046 | Temple   | XOM: noise
194358 | Temple   | XOM: colour smoke trail
194733 | Temple   | XOM: mild Summ miscast
194734 | Temple   | Noticed a spatial vortex
194794 | D:4      | XOM: colour smoke trail
194919 | D:4      | XOM: stat loss: -1 Dex (17/18)
194932 | D:4      | XOM: god gift: whip {god gift}
194987 | Temple   | XOM: scenery: create altars
195263 | Temple   | XOM: 1-stop teleportation journey
195595 | Temple   | XOM: god gift: potion of haste
195998 | Temple   | XOM: god gift: potion of haste
196264 | Temple   | XOM: summons 1 hostile demon
197747 | Temple   | XOM: colour smoke trail
197842 | Temple   | XOM: harmless Air miscast
199177 | Temple   | XOM: summons 3 hostile demons
199188 | Temple   | XOM is BORED!
199188 | Temple   | XOM: mild Summ miscast
199406 | Temple   | XOM: mild Air miscast
200460 | Temple   | XOM: harmless Trmt miscast
200767 | Temple   | XOM: god gift: scroll of random uselessness
201272 | Temple   | XOM: god gift: 26 gold pieces
201292 | Temple   | XOM: god gift: 41 gold pieces
201927 | Temple   | XOM: medium Divn miscast
203206 | Temple   | XOM: god gift: ichor-stained falchion {god gift}
203207 | Temple   | Got an ichor-stained falchion {god gift}
203208 | Temple   | Identified the +2 falchion "Hydrabane" {chaos, rF+ Str+4} (Xom gifted it to you in the Ecumenical Temple)
203466 | Temple   | XOM: stat loss: -1 Str (14/15)
204051 | Temple   | XOM: noise
204162 | Temple   | XOM: colour smoke trail
204573 | Temple   | XOM: medium Conj miscast
204881 | Temple   | XOM: harmless Pois miscast
204950 | Temple   | XOM: harmless Divn miscast
205270 | Temple   | XOM is BORED!
205270 | Temple   | XOM: medium Summ miscast
205272 | D:4      | XOM: 3-stop teleportation journey
205449 | Temple   | XOM: divination: detect items
206369 | Temple   | XOM: divination: detect creatures
206586 | Temple   | XOM: divination: magic mapping
207118 | Temple   | XOM: harmless Conj miscast
207723 | Temple   | XOM is BORED!
207723 | Temple   | XOM: noise
207879 | Temple   | XOM: divination: detect creatures
208186 | Temple   | XOM: harmless Fire miscast
208329 | Temple   | XOM: harmless Divn miscast
208362 | Temple   | XOM: harmless Air miscast
208396 | Temple   | XOM: silly message
208429 | Temple   | XOM: god gift: scroll of amnesia
208567 | Temple   | XOM: silly message
208751 | Temple   | XOM: 1-stop teleportation journey
209259 | Temple   | XOM: god gift: phial of floods
209372 | Temple   | XOM is BORED!
209395 | Temple   | XOM: god gift: scroll of amnesia
209801 | Temple   | XOM: colour smoke trail
211315 | Temple   | XOM: silly message
211465 | Temple   | XOM: harmless Pois miscast
211960 | Temple   | XOM: divination: magic mapping
212254 | Temple   | XOM: silly message
212847 | Temple   | XOM is BORED!
213078 | Temple   | XOM: mild Erth miscast
213097 | Temple   | XOM: medium Summ miscast
213098 | Temple   | Noticed an orange demon
213726 | Temple   | XOM: medium Divn miscast
213955 | Temple   | XOM: summons 1 hostile demon
214823 | Temple   | XOM: medium Necr miscast
215298 | Temple   | XOM is BORED!
215298 | Temple   | XOM: summons 3 hostile demons
215618 | Temple   | XOM: harmless Chrm miscast
215784 | Temple   | XOM: harmless Conj miscast
215943 | Temple   | XOM: severe Chrm miscast
215943 | Temple   | Paralysed by the severe capriciousness of Xom for 5 turns
216390 | Temple   | XOM: colour smoke trail
216814 | Temple   | XOM: stat loss: -1 Int (9/12)
216993 | Temple   | XOM: mild Ice miscast
217005 | Temple   | XOM: 2-stop teleportation journey
217087 | Temple   | XOM: divination: detect creatures
217169 | Temple   | XOM: scenery: create altars
217631 | Temple   | XOM: harmless Erth miscast
218742 | Temple   | XOM: god gift: box of beasts
218860 | Temple   | XOM is BORED!
218860 | Temple   | XOM: mild Conj miscast
219181 | Temple   | XOM: harmless Erth miscast
220445 | Temple   | XOM: divination: detect items
220525 | Temple   | XOM: god gift: dark potion
220639 | Temple   | XOM: scenery: create altars
220822 | Temple   | XOM: god gift: 18 stones
222009 | Temple   | XOM: 1-stop teleportation journey
222304 | Temple   | XOM is BORED!
222304 | Temple   | XOM: medium Fire miscast
222377 | Temple   | XOM: 2-stop teleportation journey
222568 | Temple   | XOM: god gift: 20 arrows
223161 | Temple   | XOM is BORED!
223161 | Temple   | XOM: medium Fire miscast
223719 | Temple   | XOM: mild Trmt miscast
224370 | Temple   | XOM: god gift: 31 gold pieces
225026 | Temple   | XOM: harmless Trmt miscast
225318 | Temple   | XOM: colour smoke trail
225375 | Temple   | XOM is BORED!
225375 | Temple   | XOM: harmless Conj miscast
225421 | Temple   | XOM: god gift: wand of random effects {god gift}
225626 | Temple   | XOM: harmless Trmt miscast
225904 | Temple   | XOM: mild Divn miscast
225912 | Temple   | XOM: harmless Pois miscast
225989 | Temple   | XOM: divination: magic mapping
226285 | Temple   | XOM: colour smoke trail
226597 | Temple   | XOM: harmless Pois miscast
226711 | Temple   | XOM is BORED!
226711 | Temple   | XOM: mild Air miscast
228173 | Temple   | XOM: god gift: glowing morningstar {god gift}
228440 | Temple   | XOM: medium Conj miscast
228932 | Temple   | XOM is BORED!
228932 | Temple   | XOM: severe Summ miscast
228937 | Temple   | Noticed an eldritch tentacle
228993 | D:4      | Reached XP level 7. HP: 50/52 MP: 8/8
229171 | D:4      | XOM: harmless Hex miscast
229266 | D:4      | XOM: mild Air miscast
229269 | Temple   | Slain by an eldritch tentacle

Vault maps used:
D:1:      dpeg_arrival_pits, eino_curves_02, minmay_misc_feat_doors,
          minmay_lizard_king
D:2:      nicolae_ru_path_of_blood, uniq_robin
D:3:      serial_glass, glass_columns_a, glass_columns_a, glass_columns_a,
          glass_columns_a, glass_columns_c, glass_columns_b, glass_columns_b,
          glass_columns_b, glass_columns_a, glass_columns_a
D:4:      minmay_temple_entry_poolview, first_bread, grunt_ministairs_6,
          uniq_menkaure, uniq_edmund, uniq_crazy_yiuf_cottage, uniq_pikel
Temple:   nicolae_temple_x_marks_the_god
Abyss:2:  hangedman_abyss_or_decor_lesser_grid

Skill      XL: |  1  2  3  4  5  6 |
---------------+-------------------+-----
Polearms       | 3 4 5 6 |  6.4
Evocations     | 1 |  1.5
Fighting       | |  3.0
Armour         | |  1.5
Dodging        | |  0.7
Spellcasting   | |  0.3

Action                   |  1- 3 |  4- 6 |  7- 9 || total
-------------------------+-------+-------+-------++-------
Melee: Spear             |   124 |   182 |       ||   306
       Glaive            |       |   136 |       ||   136
       Halberd           |       |    86 |       ||    86
 Abil: Evoke Invisibilit |       |     1 |       ||     1
Evoke: Wand              |       |     2 |       ||     2
  Use: Scroll            |       |    15 |       ||    15
 Stab: Sleeping          |     3 |       |       ||     3
       Paralysed         |       |     1 |       ||     1
       Invisible         |       |     2 |       ||     2
Armor: Leather armour    |    50 |    96 |       ||   146
       Chain mail        |       |   161 |       ||   161
       Troll leather arm |       |   153 |       ||   153
Dodge: Dodged            |    57 |   396 |       ||   453
Block: Other             |     4 |    27 |       ||    31
       Buckler           |       |     1 |       ||     1
